 Dungeon Crawl Stone Soup version 0.20.0-8-g6b59dc7 (webtiles) character file.

1397 MDvedh the Basher (level 8, -1/48 HPs)
             Began as a Gargoyle Summoner on June 1, 2017.
             Slain by an unseen horror (5 damage)
             ... on level 6 of the Dungeon.
             The game lasted 00:09:53 (4987 turns).

MDvedh the Basher (Gargoyle Summoner)               Turns: 4987, Time: 00:09:53

Health: -1/48      AC: 17    Str: 14    XL:     8   Next: 69%
Magic:  0/11       EV:  7    Int: 16    God:
Gold:   340        SH:  0    Dex: 14    Spells: 11/11 levels left

rFire    . . .     SeeInvis .   y - +1 flail (crush)
rCold    . . .     Gourm    .   (no shield)
rNeg     + . .     Faith    .   u - +0 chain mail
rPois    ∞         Spirit   +   (no helmet)
rElec    +         Reflect  .   (no cloak)
rCorr    .         Harm     .   p - +1 pair of gloves
MR       .....                  (no boots)
Stlth    ..........             e - amulet of guardian spirit
Regen    0.2/turn               t - +4 ring of dexterity
MPRegen  0.2/turn               d - ring of stealth

@: no status effects
A: negative energy resistance 1, electricity resistance, unbreathing,
petrification resistance, rot immunity, AC +5
a: no special abilities


You were on level 6 of the Dungeon.
You were hungry.

You visited 1 branch of the dungeon, and saw 6 of its levels.

You collected 340 gold pieces.

Inventory:

Hand Weapons
 y - a +1 flail of crushing (weapon)
Armour
 p - a +1 pair of gloves (worn)
 u - a +0 chain mail (worn)
Jewellery
 d - a ring of stealth (right hand)
 e - an amulet of guardian spirit (around neck)
 t - a +4 ring of dexterity (left hand)
Wands
 k - a wand of lightning (9/15)
 v - a wand of lightning (10/15)
 z - a wand of paralysis (9/24)
 A - a wand of iceblast (7/15)
Scrolls
 c - 2 scrolls of fog {unknown}
 h - a scroll of random uselessness {unknown}
 i - 2 scrolls of blinking
 m - a scroll of magic mapping
 q - 4 scrolls of remove curse
 s - a scroll of recharging {unknown}
 C - 2 scrolls of amnesia
 D - 2 scrolls of identify
 F - 3 scrolls of enchant armour
Potions
 j - a potion of heal wounds {unknown}
 n - a potion of magic
 o - a potion of lignification {unknown}
 x - 3 potions of flight {unknown}
 B - 2 potions of resistance
Books
 b - a book of Callings

   Spells                             Type                      Level
   a - Summon Small Mammal            Summoning                    1
   b - Call Imp                       Summoning                    2
   c - Call Canine Familiar           Summoning                    3
   d - Summon Guardian Golem          Hexes/Summoning              3
   e - Summon Lightning Spire         Summoning/Air                4
   f - Summon Ice Beast               Ice/Summoning                4
Comestibles
 a - 4 fruits
 f - 6 bread rations
 l - a royal jelly
 w - 5 meat rations


   Skills:
 - Level 4.4 Fighting
 * Level 8.3 Maces & Flails
 - Level 4.5 Armour
 - Level 1.5 Dodging
 - Level 2.1 Stealth
 - Level 2.0 Spellcasting
   Level 3.6 Summonings


You had 11 spell levels left.
You didn't know any spells.

Dungeon Overview and Level Annotations

Branches:
Dungeon (6/15)             Temple (0/1) D:5

Altars:
Ashenzari
Kikubaaqudgha
Makhleb
Nemelex Xobeh
Okawaru
Uskayaw
Yredelemnul
The Shining One


Innate Abilities, Weirdness & Mutations

You are resistant to torment.
Your stone body is resilient. (AC +5)
You are immune to poison.
You resist negative energy. (rN+)
You are resistant to electric shocks. (rElec)
You can survive without breathing.
You are immune to petrification.
You are immune to rotting.


Message History

* * * LOW HITPOINT WARNING * * *
Something hits you but does no damage. Something hits you but does no damage.
Something hits you but does no damage. Something hits you but does no damage.
Found a stone staircase leading up.
Something hits you but does no damage. Something hits you but does no damage.
Something hits you but does no damage. Something hits you.
* * * LOW HITPOINT WARNING * * *
Something hits you but does no damage. Something hits you.
* * * LOW HITPOINT WARNING * * *
Something hits you.
* * * LOW HITPOINT WARNING * * *
Something hits you.
* * * LOW HITPOINT WARNING * * *
There is a stone staircase leading up here.
Something hits you.
You die...

#### #... ### #.##
..# ##.## #.#
##.#.# #.# ##.###.
#.# #####.## ##
#.######....## #
#@.......###.## ##
########## ##.###.
##.#.. #######
##.##
#.....############
#.###.............
#.# ##############
#.# #.###


There were no monsters in sight!

Vanquished Creatures
  Sigmund (D:5)
  Menkaure (D:5)
  A phantom (D:4)
  Purgy (D:4)
  An ogre (D:6)
  A bullfrog (D:6)
  3 scorpions
  4 howler monkeys
  A hound (D:3)
  A bullfrog skeleton (D:5)
  An orc wizard (D:3)
  A gnoll shaman (D:3)
  3 orc priests
  A centaur skeleton (D:4)
  2 worker ants (D:4)
  A hound zombie (D:5)
  A hound skeleton (D:5)
  A howler monkey zombie (D:5)
  5 adders
  5 gnolls
  2 oozes
  2 worms
  5 dart slugs
  2 leopard geckos
  7 orcs
  2 ball pythons
  4 giant cockroaches
  5 goblins
  4 hobgoblins
  3 quokkas
  5 bats
  7 frilled lizards
  7 kobolds
  A quokka skeleton (D:4)
  4 rats
96 creatures vanquished.

Vanquished Creatures (collateral kills)
  An ooze (D:1)
  An orc (D:3)
  2 hobgoblins
4 creatures vanquished.

Grand Total: 100 creatures vanquished

Notes
Turn   | Place    | Note
-------+----------+-------------------------------------------
     0 | D:1      | MDvedh the Gargoyle Summoner began the quest for the Orb.
     0 | D:1      | Reached XP level 1. HP: 10/10 MP: 3/3
   297 | D:1      | Reached skill level 1 in Fighting
   297 | D:1      | Reached skill level 1 in Armour
   297 | D:1      | Reached XP level 2. HP: 16/16 MP: 5/5
   614 | D:1      | Reached XP level 3. HP: 18/21 MP: 6/6
   845 | D:1      | Reached skill level 1 in Maces & Flails
  1064 | D:2      | Found an ancient bone altar of Kikubaaqudgha.
  2037 | D:3      | Reached XP level 4. HP: 23/27 MP: 4/7
  2277 | D:3      | Reached skill level 2 in Maces & Flails
  2387 | D:3      | Reached XP level 5. HP: 27/31 MP: 6/8
  2506 | D:3      | Found a hide-covered altar of Uskayaw.
  2866 | D:4      | Reached skill level 3 in Maces & Flails
  2871 | D:4      | Reached XP level 6. HP: 32/37 MP: 7/9
  3033 | D:4      | Noticed Purgy
  3066 | D:3      | Reached skill level 4 in Maces & Flails
  3159 | D:4      | Killed Purgy
  3159 | D:4      | Reached XP level 7. HP: 42/42 MP: 10/10
  3528 | D:3      | Reached skill level 5 in Maces & Flails
  3785 | D:5      | Entered Level 5 of the Dungeon
  3818 | D:5      | Noticed Sigmund
  3989 | D:5      | Killed Sigmund
  3989 | D:5      | Reached skill level 6 in Maces & Flails
  3989 | D:5      | Reached XP level 8. HP: 47/48 MP: 11/11
  4086 | D:5      | Found an iron altar of Okawaru.
  4165 | D:5      | Found a staircase to the Ecumenical Temple.
  4245 | D:5      | Noticed Menkaure
  4258 | D:5      | Killed Menkaure
  4258 | D:5      | Reached skill level 7 in Maces & Flails
  4391 | D:5      | Found a glowing golden altar of the Shining One.
  4391 | D:5      | Found a shattered altar of Ashenzari.
  4443 | D:5      | Found a burning altar of Makhleb.
  4445 | D:5      | Found a sparkling altar of Nemelex Xobeh.
  4447 | D:5      | Found a basalt altar of Yredelemnul.
  4639 | D:6      | Found an ancient bone altar of Kikubaaqudgha.
  4689 | D:6      | Reached skill level 8 in Maces & Flails
  4987 | D:6      | Slain by an unseen horror

Skill      XL: |  1  2  3  4  5  6  7  8 |
---------------+-------------------------+-----
Fighting       | 1 2 3 4 |  4.4
Armour         | 1 2 3 4 |  4.5
Maces & Flails | 1 2 3 4 6 8 |  8.3
Dodging        | |  1.5
Stealth        | |  2.1
Spellcasting   | |  2.0
Summonings     | |  3.6

Action                   |  1- 3 |  4- 6 |  7- 9 || total
-------------------------+-------+-------+-------++-------
Melee: Club              |   209 |     4 |       ||   213
       Short sword       |     5 |       |       ||     5
       Unarmed           |     3 |       |       ||     3
       Mace              |       |    62 |       ||    62
       Flail             |       |    60 |   222 ||   282
 Cast: Summon Small Mamm |     9 |     2 |       ||    11
  Use: Scroll            |       |     9 |     1 ||    10
       Potion            |       |     1 |     4 ||     5
 Stab: Distracted        |     1 |       |       ||     1
       Sleeping          |       |     4 |       ||     4
  Eat: Chunk             |     1 |     3 |     5 ||     9
       Bread ration      |     1 |       |       ||     1
Armor: Robe              |     5 |       |       ||     5
       Ring mail         |   100 |    81 |       ||   181
       Chain mail        |       |     7 |   242 ||   249
Dodge: Dodged            |   157 |   121 |    82 ||   360
